 Dungeon Crawl Stone Soup version 0.19-a0-1905-ge8b2aad (webtiles) character file.

3149 Infinimo the Carver (level 9, -1/100 HPs)
             Began as a Demonspawn Berserker on Oct 21, 2016.
             Was a Priest of Trog.
             Killed by mirror damage (6 damage)
             ... on level 8 of the Dungeon.
             The game lasted 00:13:50 (7513 turns).

Infinimo the Carver (Demonspawn Berserker)          Turns: 7513, Time: 00:13:51

Health: -1/100     AC: 13    Str: 25    XL:     9   Next: 62%
Magic:  0/9        EV:  9    Int:  9    God:    Trog [***...]
Gold:   270        SH:  0    Dex: 13    Spells: 0 memorised, 8 levels left

rFire  . . .     SeeInvis +     u - +0 falchion (slice)
rCold  . . .     Gourm    .     w - +0 chain mail
rNeg   . . .     Faith    .     (no shield)
rPois  .         Spirit   +     s - +0 helmet
rElec  .         Reflect  .     (no cloak)
rCorr  .         Harm     .     i - +0 pair of gloves
MR     ++...                    (no boots)
Stlth  ..........               d - amulet of regeneration
                                (no ring)
                                m - ring of see invisible

@: berserking, lethally poisoned (-1 -> -24), regenerating, very quick
A: hooves 1, rugged brown scales 3, magic shield
a: Berserk, Trog's Hand, Burn Spellbooks, Renounce Religion


You were on level 8 of the Dungeon.
You worshipped Trog.
Trog was most pleased with you.
You were near starving.

You visited 1 branch of the dungeon, and saw 8 of its levels.

You collected 270 gold pieces.

Inventory:

Hand Weapons
 u - a +0 falchion of slicing (weapon)
Armour
 i - a +0 pair of gloves (worn)
 s - a +0 helmet (worn)
 w - a +0 chain mail (worn)
Jewellery
 d - an amulet of regeneration (around neck)
 m - a ring of see invisible (left hand)
Wands
 t - a wand of lightning (6/15)
 v - a wand of polymorph (0/24)
Scrolls
 b - 3 scrolls of identify
 h - 4 scrolls of remove curse
 l - 2 scrolls of recharging
 o - a scroll of fog
 r - a scroll of enchant weapon
Potions
 a - 2 potions of berserk rage
 e - 3 potions of curing
 g - 3 potions of agility
 j - 2 potions of brilliance
 n - a potion of resistance
 q - 2 potions of flight
 x - a potion of lignification {unknown}
Comestibles
 c - 10 bread rations
 f - 4 meat rations


   Skills:
 - Level 3.0 Fighting
 + Level 12.4 Long Blades
 - Level 1.7 Armour
 - Level 1.7 Dodging


You had 8 spell levels left.
You didn't know any spells.

Dungeon Overview and Level Annotations

Branches:
Dungeon (8/15)             Temple (0/1) D:7
   Lair: D:8-11

Altars:
Cheibriados
Dithmenos
Elyvilon
Gozag
Hepliaklqana
Kikubaaqudgha
Makhleb
Ru
Uskayaw
Xom
Yredelemnul
The Shining One

Shops:
D:4 [   D:7 *


Innate Abilities, Weirdness & Mutations

You have large cloven feet.
You are completely covered in rugged brown scales. (AC +3, +7% HP)
When hurt, damage is shared between your health and your magic reserves.


Message History

* * * LOW HITPOINT WARNING * * *
You feel sick.
You kick the death knight, but do no damage.
The death knight is severely wounded.
The death knight reflects your damage back at you!
* * * LOW HITPOINT WARNING * * *
You feel sick.
The death knight hits you with a broad axe of venom!!
* * * LOW HITPOINT WARNING * * *
You are more poisoned.
You are too berserk!
Unknown command.
You kick the death knight.
The death knight is severely wounded.
The death knight reflects your damage back at you!
* * * LOW HITPOINT WARNING * * *
x2 You feel sick.
The death knight is almost dead.
The death knight reflects your damage back at you!
You die...

........# #.#######
#.#....# ###.#####
#.######## #.#..#.# #.#
#.##.....# #.#..#.. #.#
#.#......# #.#..### #.#
#.#..##..# #.#..#.. #.#
#.#..<#..#####.#..... #.#
#.#...#.............# #.#
#.#.p.#.######.#.##.# #.#
#.#.@...# #...#.#### #.#
#.#..#### #.###..... #.#
#.#..# #.# ######
#.#########.#..# #.# #
###...........##########.#
#
.........................#
#
##########################
# #


You could see a death knight.

Vanquished Creatures
  Pikel (D:8)
  The ghost of rvm the Cleaver, a novice HOFi of Okawaru (D:6)
  Eustachio (D:6)
  An ice beast (D:8)
  An orc warrior (D:8)
  A phantom (D:7)
  An ogre (D:6)
  Blork the orc (D:6)
  4 bullfrogs
  A scorpion (D:6)
  8 killer bees
  8 howler monkeys
  4 crimson imps
  A hound (D:6)
  A quasit (D:7)
  2 bullfrog skeletons
  An orc priest (D:7)
  3 orc wizards
  3 iguanas
  3 worker ants
  A howler monkey skeleton (D:8)
  7 adders
  A shadow imp (D:8)
  2 adder zombies
  2 oozes
  4 worms
  6 leopard geckos
  19 orcs
  4 giant cockroaches
  4 goblins
  5 hobgoblins
  3 jackals (D:5)
  9 kobolds
  2 quokkas (D:4)
  2 ball pythons
  8 bats
  3 frilled lizards
  A jackal zombie (D:5)
  A leopard gecko skeleton (D:4)
  A quokka skeleton (D:8)
  9 rats
141 creatures vanquished.

Vanquished Creatures (others)
  An ogre (D:8)
  A ball python (D:8)
2 creatures vanquished.

Grand Total: 143 creatures vanquished

Notes
Turn   | Place    | Note
-------+----------+-------------------------------------------
     0 | D:1      | Infinimo the Demonspawn Berserker began the quest for the Orb.
     0 | D:1      | Reached XP level 1. HP: 18/18 MP: 1/1
   141 | D:1      | Reached skill level 3 in Long Blades
   336 | D:1      | Gained mutation: When hurt, damage is shared between your health and your magic reserves. [demonic ancestry]
   336 | D:1      | Reached XP level 2. HP: 24/24 MP: 2/2
  1087 | D:2      | Gained mutation: You are partially covered in rugged brown scales. (AC +1, +3% HP) [demonic ancestry]
  1087 | D:2      | Reached XP level 3. HP: 29/29 MP: 1/3
  1331 | D:2      | Reached skill level 4 in Long Blades
  1441 | D:2      | Found a burning altar of Makhleb.
  1443 | D:2      | Noticed a blizzard demon
  1447 | D:2      | Reached ** piety under Trog
  1448 | D:2      | Noticed an orange demon
  1448 | D:2      | Noticed a smoke demon
  2140 | D:3      | Gained mutation: You are mostly covered in rugged brown scales. (AC +2, +5% HP) [demonic ancestry]
  2140 | D:3      | Reached XP level 4. HP: 29/36 MP: 4/4
  2252 | D:3      | Reached skill level 5 in Long Blades
  2509 | D:3      | Found a white marble altar of Elyvilon.
  2580 | D:3      | Found a hazy altar of Hepliaklqana.
  2581 | D:3      | Found a shimmering altar of Xom.
  2581 | D:3      | Noticed a hell beast
  2582 | D:3      | Noticed a spectral ugly thing
  2582 | D:3      | Noticed a hell beast
  2693 | D:3      | Reached XP level 5. HP: 40/43 MP: 5/5
  2864 | D:3      | Found a basalt altar of Yredelemnul.
  2942 | D:4      | Found Naimaf's Armour Boutique.
  3687 | D:5      | Entered Level 5 of the Dungeon
  3765 | D:5      | Reached skill level 6 in Long Blades
  3818 | D:5      | Found a hide-covered altar of Uskayaw.
  3845 | D:5      | Reached XP level 6. HP: 49/49 MP: 4/6
  3986 | D:5      | Found a snail-covered altar of Cheibriados.
  4025 | D:5      | Found an opulent altar of Gozag.
  4541 | D:6      | Found an ancient bone altar of Kikubaaqudgha.
  4548 | D:6      | Reached skill level 7 in Long Blades
  4601 | D:6      | Gained mutation: You are completely covered in rugged brown scales. (AC +3, +7% HP) [demonic ancestry]
  4601 | D:6      | Reached XP level 7. HP: 22/55 MP: 2/7
  4710 | D:6      | Noticed Eustachio
  4727 | D:6      | Killed Eustachio
  4727 | D:6      | Reached skill level 8 in Long Blades
  4944 | D:6      | Found a shadowy altar of Dithmenos.
  4946 | D:6      | Noticed rvm's ghost (novice HOFi)
  4961 | D:6      | Killed rvm's ghost
  4961 | D:6      | Reached skill level 9 in Long Blades
  4961 | D:6      | Gained mutation: You have large cloven feet. [demonic ancestry]
  4961 | D:6      | Reached XP level 8. HP: 43/62 MP: 2/8
  5009 | D:6      | Reached *** piety under Trog
  5025 | D:6      | Noticed Blork the orc
  5168 | D:6      | Found a sacrificial altar of Ru.
  5483 | D:6      | Killed Blork the orc
  5483 | D:6      | Reached skill level 10 in Long Blades
  5615 | D:7      | Found Werero's General Store.
  6099 | D:7      | Reached skill level 11 in Long Blades
  6101 | D:7      | Reached XP level 9. HP: 67/67 MP: 9/9
  6121 | D:7      | Found a staircase to the Ecumenical Temple.
  6485 | D:8      | Noticed Pikel
  6511 | D:8      | Killed Pikel
  6636 | D:8      | Reached skill level 12 in Long Blades
  6725 | D:8      | Found a glowing golden altar of the Shining One.
  6936 | D:8      | Reached **** piety under Trog
  7387 | D:8      | Noticed a death knight
  7512 | D:8      | HP: 5/100 [poisoned by a death knight]
  7513 | D:8      | Killed by mirror damage

Vault maps used:
D:1:      saegor_arrival_simple_f, st_stairs_12
D:2:      makhleb_altar_promises_db
D:3:      regret_index_temple_of_mockery, kennysheep_ying_yang
D:4:      first_bread, serial_shops, kennysheep_mini_moat
D:5:      nicolae_gozag_cash_rules_everything_around_me, lemuel_doored_altar,
          cheibrodos_worm_habitat
D:6:      overflow_temple_1_default, nicolae_overflow_crystal_walls,
          kiku_gazebo_pond_becter, kennysheep_generic_room_8,
          uniq_blork_the_orc, uniq_eustachio
D:7:      serial_shops, shop
D:8:      marbit_many_paths, uniq_pikel

Skill      XL: |  1  2  3  4  5  6  7  8  9 |
---------------+----------------------------+-----
Long Blades    | 3 4 5 6 7 9 11 12 | 12.4
Fighting       | |  3.0
Armour         | |  1.7
Dodging        | |  1.7

Action                   |  1- 3 |  4- 6 |  7- 9 || total
-------------------------+-------+-------+-------++-------
Melee: Falchion          |   123 |   168 |   301 ||   592
       Unarmed           |       |       |     7 ||     7
       Kick              |       |       |    90 ||    90
Invok: Berserk           |     4 |     5 |    12 ||    21
       Trog's Hand       |       |       |     2 ||     2
  Use: Scroll            |     6 |     6 |     4 ||    16
 Stab: Sleeping          |     3 |     2 |       ||     5
  Eat: Chunk             |     7 |    11 |    12 ||    30
       Beef jerky        |       |     1 |       ||     1
       Bread ration      |       |       |     1 ||     1
       Royal jelly       |       |       |     1 ||     1
       Pizza             |       |       |     1 ||     1
Armor: Animal skin       |    23 |    24 |    41 ||    88
       Chain mail        |       |       |    39 ||    39
Dodge: Dodged            |    78 |    99 |   145 ||   322
       Rpst.: Falchion   |    18 |    37 |    40 ||    95
